[Event "ICCopen2017"]
[Site "Internet Chess Club"]
[Date "2017.03.26"]
[Round "9"]
[White "centralsquare"]
[Black "checkmatiste"]
[Result "0-1"]
[ICCResult "White forfeits on time"]
[WhiteElo "1462"]
[BlackElo "1644"]
[Opening "QGD semi-Slav"]
[ECO "D43"]
[NIC "QP.08"]
[Time "20:41:36"]
[TimeControl "180+0"]

1. d4 d5 2. c4 e6 3. Nf3 Nf6 4. Nc3 c6 5. Bf4 Bd6 6. Bg5 h6 7. Bh4 Be7 8. e3
Nbd7 9. Be2 dxc4 10. Bxc4 Nd5 11. Bxe7 Qxe7 12. Nxd5 exd5 13. Bd3 Nf6 14.
O-O Bg4 15. Be2 O-O 16. h3 Bxf3 17. Bxf3 Ne4 18. Qc2 Rfe8 19. Rad1 Nd6 20.
b3 Rad8 21. a4 Ne4 22. Qb2 Ng5 23. Bh5 g6 24. Be2 h5 25. Qc2 Ne4 26. Rd3 Kg7
27. Qb2 f5 28. Rdd1 Qb4 29. Kh2 Re7 30. f3 Nf6 31. Rd3 Rde8 32. Qc1 Re6 33.
Re1 Qe7 34. Qc5 Qxc5 35. dxc5 Rxe3 36. Rd2 Rxb3 37. Kg1 Rbe3 38. Kf2 f4 39.
g3 g5 40. gxf4 gxf4 41. h4 Kf7 42. Rg1 Rg8 43. Rxg8 Nxg8 44. Rd4 Nf6 45.
Rxf4 Rc3 46. Rb4 Rxc5 47. Rxb7+ Ke6 48. Rxa7 Rc2 49. Rb7 Kd6 50. a5 d4 51.
a6 Ra2 52. a7 Kc5 53. Rf7 d3 54. Rxf6 Rxe2+ {White forfeits on time} 0-1

[Event "ICCopen2017"]
[Site "Internet Chess Club"]
[Date "2017.03.26"]
[Round "9"]
[White "Shafkat"]
[Black "dhar2603"]
[Result "0-1"]
[ICCResult "White checkmated"]
[WhiteElo "1634"]
[BlackElo "1876"]
[Opening "Sicilian: Najdorf, Zagreb (fianchetto) variation"]
[ECO "B91"]
[NIC "SI.14"]
[Time "20:41:30"]
[TimeControl "180+0"]

1. e4 c5 2. Nf3 d6 3. d4 cxd4 4. Nxd4 Nf6 5. Nc3 a6 6. g3 e5 7. Nde2 Be6 8.
Bg2 Nbd7 9. O-O Be7 10. h3 O-O 11. g4 Rc8 12. Ng3 b5 13. a3 Nb6 14. Nf5 Bxf5
15. exf5 Nc4 16. g5 Nd7 17. f6 gxf6 18. gxf6 Bxf6 19. Qg4+ Kh8 20. Qh5 Rg8
21. Qxf7 Rg7 22. Qh5 Qg8 23. Qf3 e4 24. Qxe4 Re8 25. Qf3 Nce5 26. Qd5 Rxg2+
27. Qxg2 Qe6 28. Kh1 Rg8 29. Qh2 Nf3 30. Bf4 Nxh2 31. Bxh2 Qxh3 32. Rae1
Qg2# {White checkmated} 0-1

[Event "ICCopen2017"]
[Site "Internet Chess Club"]
[Date "2017.03.26"]
[Round "9"]
[White "Alright2015"]
[Black "cloak1"]
[Result "1-0"]
[ICCResult "Black resigns"]
[WhiteElo "2270"]
[BlackElo "1872"]
[Opening "Réti opening"]
[ECO "A04"]
[NIC "QP.10"]
[Time "20:42:02"]
[TimeControl "180+0"]

1. Nf3 c5 2. e3 d5 3. b3 Nc6 4. d4 cxd4 5. exd4 Nf6 6. Bd3 Bg4 7. Bb2 e6 8.
h3 Bh5 9. Nbd2 Bd6 10. Qe2 O-O 11. O-O-O Nb4 12. g4 Bg6 13. Bxg6 hxg6 14. c3
Rc8 15. Kb1 Nc6 16. Ne5 a6 17. f4 b5 18. g5 Nd7 19. h4 Bxe5 20. fxe5 b4 21.
c4 dxc4 22. Nxc4 Nb6 23. Nd6 Rc7 24. h5 Qxg5 25. Rdg1 Qf4 26. hxg6 fxg6 27.
Rf1 Nxd4 28. Rxf4 Nxe2 29. Rfh4 Nc3+ 30. Bxc3 Rf1+ 31. Rxf1 {Black resigns}
1-0

[Event "ICCopen2017"]
[Site "Internet Chess Club"]
[Date "2017.03.26"]
[Round "9"]
[White "GnowReopard"]
[Black "marabu"]
[Result "1-0"]
[ICCResult "Black checkmated"]
[WhiteElo "2597"]
[BlackElo "2116"]
[Opening "Old Indian: main line"]
[ECO "A55"]
[NIC "OI.01"]
[Time "20:42:26"]
[TimeControl "180+0"]

1. c4 d6 2. d4 Nd7 3. Nc3 e5 4. Nf3 Ngf6 5. e4 Be7 6. Be2 O-O 7. O-O c6 8.
h3 Qc7 9. Be3 Re8 10. d5 Nf8 11. Rc1 Ng6 12. b4 a5 13. a3 axb4 14. axb4 Nh5
15. c5 Nhf4 16. cxd6 Bxd6 17. dxc6 Bxb4 18. Nb5 Qa5 19. c7 Nxe2+ 20. Qxe2
Bd7 21. Na7 Rxa7 22. Bxa7 Qxa7 23. Rfd1 Qa4 24. Qc4 Bc6 25. Rd8 Ne7 26. Nxe5
Ba5 27. Qxf7+ Kh8 28. Qf8+ Ng8 29. Nf7# {Black checkmated} 1-0

[Event "ICCopen2017"]
[Site "Internet Chess Club"]
[Date "2017.03.26"]
[Round "9"]
[White "LevAbramovich"]
[Black "DoctorWho"]
[Result "0-1"]
[ICCResult "White resigns"]
[WhiteElo "2038"]
[BlackElo "1881"]
[Opening "Queen's Indian: old main line, 6.O-O"]
[ECO "E17"]
[NIC "QO.17"]
[Time "20:41:45"]
[TimeControl "180+0"]

1. d4 e6 2. Nf3 b6 3. g3 Bb7 4. Bg2 Nf6 5. O-O Be7 6. c4 d5 7. Ne5 Nbd7 8.
Qa4 c6 9. Nxc6 Bxc6 10. Qxc6 Rc8 11. Qa4 Rxc4 12. Qxa7 Rxd4 13. b3 Bc5 14.
a3 b5 15. Qa6 b4 16. Bb2 Rg4 17. h3 Rxg3 18. axb4 Bb6 19. Nc3 O-O 20. Kh1
Rg6 21. Rad1 Qb8 22. Qd3 Nh5 23. e3 Ne5 24. Qe2 Nf6 25. f4 Nc6 26. b5 Ne7
27. Na4 Nf5 28. Nxb6 Ng3+ 29. Kh2 Nxe2 30. Bxf6 Qxb6 31. Bd4 Nxd4 32. Rxd4
Qxb5 33. f5 exf5 34. Bxd5 Qe2+ {White resigns} 0-1

[Event "ICCopen2017"]
[Site "Internet Chess Club"]
[Date "2017.03.26"]
[Round "9"]
[White "chessrex"]
[Black "see101"]
[Result "1-0"]
[ICCResult "Black resigns"]
[WhiteElo "1959"]
[BlackElo "1390"]
[Opening "Paleface attack"]
[ECO "A45"]
[NIC "QP.07"]
[Time "20:41:40"]
[TimeControl "180+0"]

1. d4 Nf6 2. f3 g6 3. e4 d6 4. Be3 Bg7 5. Qd2 O-O 6. Bh6 Nbd7 7. g4 e5 8.
Bxg7 Kxg7 9. d5 Nc5 10. Nc3 c6 11. h4 cxd5 12. Nxd5 Nxd5 13. Qxd5 Be6 14.
Qd2 a5 15. h5 Rh8 16. Ne2 f6 17. Ng3 Qc7 18. O-O-O Rac8 19. Kb1 Qf7 20. a3
Ba2+ 21. Ka1 Be6 22. Bb5 b6 23. hxg6 Qxg6 24. Nf5+ Bxf5 25. gxf5 Qe8 26.
Rdg1+ Kf8 27. Qxd6+ Qe7 28. Qxe7+ Kxe7 29. Rg7+ Kf8 30. Rhxh7 Rxh7 31. Rxh7
Rd8 32. Rh8+ Ke7 33. Rxd8 Kxd8 34. b4 axb4 35. axb4 Na4 36. Bxa4 Kc7 37. c4
Kd6 38. Kb2 Kc7 39. Kc3 Kd6 40. Kd2 Kc7 41. Ke3 Kd6 42. f4 Kc7 43. fxe5 fxe5
44. f6 Kd6 45. c5+ bxc5 46. bxc5+ Kxc5 47. f7 Kd6 48. f8=Q+ {Black resigns}
1-0

[Event "ICCopen2017"]
[Site "Internet Chess Club"]
[Date "2017.03.26"]
[Round "9"]
[White "carbonero1969"]
[Black "someyoungguy"]
[Result "1-0"]
[ICCResult "Black checkmated"]
[WhiteElo "1806"]
[BlackElo "1356"]
[Opening "French: Chigorin variation"]
[ECO "C00"]
[NIC "FR.01"]
[Time "20:42:36"]
[TimeControl "180+0"]

1. e4 e6 2. Qe2 h6 3. d4 d6 4. Nc3 Be7 5. g3 Bd7 6. Bg2 a6 7. f4 Nc6 8. Nf3
h5 9. h3 h4 10. g4 e5 11. d5 Na7 12. fxe5 dxe5 13. Nxe5 Nf6 14. Be3 Bb5 15.
Nxb5 Nxb5 16. O-O-O Qd6 17. Bf4 Qd8 18. Rhf1 Nd7 19. Nxf7 Kxf7 20. Bxc7+ Kg8
21. Bxd8 Rxd8 22. e5 Bg5+ 23. Kb1 Re8 24. e6 Nc5 25. Qc4 b6 26. Rf7 Nd6 27.
Qf1 Bf6 28. Rxf6 gxf6 29. Qxf6 Rf8 30. Qg6# {Black checkmated} 1-0

[Event "ICCopen2017"]
[Site "Internet Chess Club"]
[Date "2017.03.26"]
[Round "9"]
[White "Filiron"]
[Black "jncool68"]
[Result "1-0"]
[ICCResult "Black resigns"]
[WhiteElo "2387"]
[BlackElo "2826"]
[Opening "Alekhine's defense: modern, fianchetto variation"]
[ECO "B04"]
[NIC "AL.04"]
[Time "20:41:29"]
[TimeControl "180+0"]

1. e4 Nf6 2. e5 Nd5 3. d4 d6 4. Nf3 g6 5. Bc4 Nb6 6. Bb3 Bg7 7. O-O O-O 8.
h3 Nc6 9. Qe2 Na5 10. Nc3 Nxb3 11. axb3 f6 12. Re1 c6 13. exd6 exd6 14. Ne4
g5 15. Ng3 Bd7 16. Bd2 Re8 17. Qd3 Rxe1+ 18. Rxe1 Qf8 19. Nf5 Re8 20. Rxe8
Bxe8 21. h4 Bg6 22. Qe4 Kh8 23. Qe6 Bxf5 24. Qxf5 h6 25. Nh2 Qc8 26. Qg6 Nd5
27. hxg5 fxg5 28. Qxd6 Qf5 29. c4 Nf6 30. Be3 Kh7 31. Nf1 Qd3 32. Qb4 b6 33.
Qd6 Qe4 34. Ng3 Qb1+ 35. Nf1 Qe4 36. Qd7 Ng4 37. f3 Nf6 38. Qxg7+
{Black resigns}
1-0

[Event "ICCopen2017"]
[Site "Internet Chess Club"]
[Date "2017.03.26"]
[Round "9"]
[White "Mandragora"]
[Black "lion100"]
[Result "1-0"]
[ICCResult "Black resigns"]
[WhiteElo "1551"]
[BlackElo "1382"]
[Opening "Caro-Kann defense"]
[ECO "B10"]
[NIC "CK.01"]
[Time "20:42:11"]
[TimeControl "180+0"]

1. e4 c6 2. Nf3 d5 3. exd5 cxd5 4. d4 Nf6 5. Bd3 e6 6. O-O h6 7. a3 Nc6 8.
Be3 a6 9. b4 b5 10. Nbd2 Bb7 11. h3 Rc8 12. Nb3 Be7 13. Nc5 Rb8 14. c3 O-O
15. Ne5 Nxe5 16. dxe5 Nd7 17. f4 Qc7 18. Nxb7 Rxb7 19. Bd4 Nb6 20. Qh5 Nc4
21. f5 Nxe5 22. fxe6 Nxd3 23. exf7+ Kh8 24. Qg6 Ne5 25. Rae1 Bf6 26. Rxf6
Rxf7 27. Bxe5 Qc4 28. Rxf7 Rxf7 29. Bxg7+ {Black resigns} 1-0

[Event "ICCopen2017"]
[Site "Internet Chess Club"]
[Date "2017.03.26"]
[Round "9"]
[White "Darnoc"]
[Black "aplusk"]
[Result "1-0"]
[ICCResult "Black resigns"]
[WhiteElo "2916"]
[BlackElo "2756"]
[Opening "Nimzo-Indian: classical, Noa variation"]
[ECO "E34"]
[NIC "NI.23"]
[Time "20:42:03"]
[TimeControl "180+0"]

1. d4 Nf6 2. c4 e6 3. Nc3 Bb4 4. Qc2 d5 5. cxd5 Qxd5 6. Nf3 Qf5 7. Qxf5 exf5
8. Bd2 c6 9. e3 Nbd7 10. Bd3 Nb6 11. O-O O-O 12. Rfc1 a6 13. Rc2 Be6 14. Na4
Nbd5 15. Ng5 Bxd2 16. Rxd2 Bc8 17. Rc1 g6 18. Nc5 a5 19. a3 Re8 20. Rdc2 Kg7
21. h3 h6 22. Nf3 Ne4 23. Bxe4 fxe4 24. Nd2 f5 25. Nc4 Re7 26. Nd6 b6 27.
Nxc8 Rxc8 28. Na4 Rec7 29. b3 Kf6 30. Nb2 b5 31. Rc5 Ke6 32. a4 Ne7 33. axb5
cxb5 34. Rxc7 Rxc7 35. Rxc7 Kd6 36. Rc5 {Black resigns} 1-0

[Event "ICCopen2017"]
[Site "Internet Chess Club"]
[Date "2017.03.26"]
[Round "9"]
[White "Palse"]
[Black "MoonlightWizard"]
[Result "1-0"]
[ICCResult "Black checkmated"]
[WhiteElo "2347"]
[BlackElo "2745"]
[Opening "French: Winawer, advance, positional main line"]
[ECO "C19"]
[NIC "FR.13"]
[Time "20:41:21"]
[TimeControl "180+0"]

1. e4 e6 2. d4 d5 3. Nc3 Bb4 4. e5 c5 5. a3 Bxc3+ 6. bxc3 Ne7 7. Nf3 Nbc6 8.
a4 Qa5 9. Bd2 Bd7 10. Bb5 Qc7 11. O-O a6 12. Bd3 c4 13. Be2 f6 14. Bf4 Ng6
15. Bg3 fxe5 16. Nxe5 Ngxe5 17. dxe5 O-O-O 18. Re1 Rhf8 19. Bf1 Be8 20. Qg4
Qd7 21. Red1 Bg6 22. Bxc4 Bxc2 23. Rd2 Bf5 24. Qd1 dxc4 25. Rxd7 Rxd7 26.
Qe1 Bc2 27. h4 Rfd8 28. Kh2 Bf5 29. Ra2 Rd3 30. Rb2 R8d5 31. Qc1 h6 32. Qa1
Rxc3 33. Rxb7 Kxb7 34. Qxc3 Bd3 35. h5 Nd4 36. Bf4 a5 37. Be3 Nb3 38. g4 Rd7
39. Kg3 Rc7 40. f4 Ka6 41. f5 exf5 42. e6 fxg4 43. Qe5 Rc8 44. Qb5#
{Black checkmated}
1-0

[Event "ICCopen2017"]
[Site "Internet Chess Club"]
[Date "2017.03.26"]
[Round "9"]
[White "oli2"]
[Black "MDRAFE3"]
[Result "0-1"]
[ICCResult "White resigns"]
[WhiteElo "1674"]
[BlackElo "1949"]
[Opening "English: Sicilian reversed"]
[ECO "A25"]
[NIC "EO.23"]
[Time "20:41:37"]
[TimeControl "180+0"]

1. c4 e5 2. Nc3 Nc6 3. e4 Bc5 4. g3 Nf6 5. Bg2 d6 6. h3 O-O 7. Nge2 Be6 8.
d3 Nd7 9. O-O f5 10. Kh2 Qe8 11. f4 Qg6 12. Nd5 Rac8 13. a3 Bxd5 14. cxd5
Nd4 15. Be3 Nxe2 16. Qxe2 Bxe3 17. Qxe3 Rce8 18. exf5 Qxf5 19. Be4 Qh5 20.
Qxa7 exf4 21. gxf4 Nf6 22. Bf3 Qh4 23. Qd4 Re7 24. Rg1 Rfe8 25. Rg2 Re3 26.
Rf1 Kh8 27. Bg4 Nxg4+ 28. Rxg4 Rxh3+ {White resigns} 0-1

[Event "ICCopen2017"]
[Site "Internet Chess Club"]
[Date "2017.03.26"]
[Round "9"]
[White "sasukenakamura"]
[Black "carpedef"]
[Result "1-0"]
[ICCResult "Black forfeits on time"]
[WhiteElo "1657"]
[BlackElo "1770"]
[Opening "Sicilian: Kan variation"]
[ECO "B41"]
[NIC "SI.41"]
[Time "20:41:24"]
[TimeControl "180+0"]

1. e4 c5 2. Nf3 e6 3. d4 cxd4 4. Nxd4 a6 5. b3 Nf6 6. Bd3 Be7 7. c4 d6 8.
Bb2 Qc7 9. O-O Nbd7 10. Nd2 b6 11. Rc1 Bb7 12. Qe2 Rc8 13. f4 Qb8 14. g4 Nc5
15. Bb1 Qa8 16. Rce1 e5 17. Nf5 exf4 18. g5 Nfd7 19. Nxg7+ Kd8 20. Rxf4 Bxg5
21. Rxf7 Rg8 22. Nf3 Bh6 23. Kf2 Kc7 24. b4 Na4 25. Ne6+ Kb8 26. Rxd7 Nxb2
27. Qxb2 Rcf8 28. Qd4 Qa7 29. Qxd6+ Ka8 30. c5 Rc8 31. cxb6 Qb8 32. Nc7+
Rxc7 33. Qxc7 Qxc7 34. Rxc7 Rf8 35. Rxb7 Kxb7 36. e5 Bf4 37. e6 Re8 38. Bxh7
Bd6 39. Bg6 Re7 40. Bf7 Bxb4 41. Rd1 Bc5+ 42. Kg3 Kxb6 43. Kf4
{Black forfeits on time}
1-0

[Event "ICCopen2017"]
[Site "Internet Chess Club"]
[Date "2017.03.26"]
[Round "9"]
[White "jaybird"]
[Black "ALexiz"]
[Result "0-1"]
[ICCResult "White checkmated"]
[WhiteElo "1526"]
[BlackElo "1692"]
[Opening "Queen's Indian: Nimzovich variation (exaggerated fianchetto)"]
[ECO "E15"]
[NIC "QI.05"]
[Time "20:41:48"]
[TimeControl "180+0"]

1. d4 Nf6 2. Nf3 e6 3. c4 b6 4. g3 Ba6 5. Bg2 Bxc4 6. Nbd2 Bd5 7. Qc2 Bb7 8.
O-O d5 9. a3 Bd6 10. b4 Nbd7 11. Re1 O-O 12. h3 Rc8 13. Nb3 c5 14. dxc5 bxc5
15. bxc5 Nxc5 16. Nxc5 Bxc5 17. Qb3 Bc6 18. Bg5 h6 19. Bf4 Bd6 20. Ne5 Nh5
21. Nxc6 Rxc6 22. Bxd6 Qxd6 23. Red1 Qc7 24. a4 Rb8 25. Qd3 Rc3 26. Qd2 Nf6
27. a5 Rc2 28. Qd3 Rbb2 29. Bf3 Ne4 30. Rab1 Qxa5 31. Rxb2 Rxb2 32. Bxe4
dxe4 33. Qxe4 g6 34. Qa8+ Kg7 35. e3 Qf5 36. Kg2 Qxf2+ 37. Kh1 Qh2#
{White checkmated}
0-1

[Event "ICCopen2017"]
[Site "Internet Chess Club"]
[Date "2017.03.26"]
[Round "9"]
[White "PawnderingMate"]
[Black "icewoman"]
[Result "1-0"]
[ICCResult "Black checkmated"]
[WhiteElo "1282"]
[BlackElo "1082"]
[Opening "Pirc defense"]
[ECO "B07"]
[NIC "PU.08"]
[Time "20:41:31"]
[TimeControl "180+0"]

1. e4 d6 2. d4 Nf6 3. Bd3 Nbd7 4. Nc3 e5 5. d5 Be7 6. Nge2 c6 7. dxc6 bxc6
8. O-O h6 9. Be3 g5 10. h3 Nf8 11. Qd2 Ng6 12. g3 g4 13. h4 h5 14. Bg5 Nh7
15. Bxe7 Qxe7 16. Rae1 f6 17. f4 Rf8 18. f5 c5 19. fxg6 Ng5 20. hxg5 fxg5
21. Rxf8+ Kxf8 22. Rf1+ Kg8 23. Nd5 Qg7 24. Qxg5 Bb7 25. Nf6+ Kf8 26. Nxh5+
Kg8 27. Nxg7 Kxg7 28. Qe7+ Kxg6 29. Qxb7 Rh8 30. Qd5 Rh3 31. Qxd6+ Kg5 32.
Qxe5+ Kg6 33. Nf4+ Kf7 34. Nxh3+ Kg6 35. Qg5+ Kh7 36. e5+ Kh8 37. Rf8#
{Black checkmated}
1-0

[Event "ICCopen2017"]
[Site "Internet Chess Club"]
[Date "2017.03.26"]
[Round "9"]
[White "applepear"]
[Black "rugsy"]
[Result "0-1"]
[ICCResult "White forfeits on time"]
[WhiteElo "1056"]
[BlackElo "1415"]
[Opening "Sicilian: Nimzovich-Rubinstein variation"]
[ECO "B29"]
[NIC "SI.43"]
[Time "20:41:09"]
[TimeControl "180+0"]

1. e4 c5 2. Nf3 Nf6 3. Nc3 Nc6 4. d4 d5 5. Qe2 cxd4 6. Na4 Qa5+ 7. Bd2 Qc7
8. e5 Ne4 9. Qb5 Nxd2 10. Nxd2 Qxe5+ 11. Kd1 a6 12. Qe2 Qxe2+ 13. Bxe2 e5
14. Nf3 b5 15. Nb6 Rb8 16. Nxd5 Be6 17. Nc7+ Kd7 18. Nxe6 Kxe6 19. Re1 f6
20. Bf1 Bc5 21. Re4 f5 22. Kd2 fxe4 23. Ng5+ Kf5 24. Nh3 g5 25. f3 e3+ 26.
Kd3 Nb4+ 27. Ke2 Nxc2 28. Rc1 d3+ 29. Kxd3 Rhd8+ {White forfeits on time}
0-1

[Event "ICCopen2017"]
[Site "Internet Chess Club"]
[Date "2017.03.26"]
[Round "9"]
[White "ehkopean"]
[Black "justlucky"]
[Result "1-0"]
[ICCResult "Black forfeits on time"]
[WhiteElo "1646"]
[BlackElo "1187"]
[Opening "Alekhine's defense"]
[ECO "B02"]
[NIC "AL.10"]
[Time "20:41:32"]
[TimeControl "180+0"]

1. e4 Nf6 2. e5 Nd5 3. Bc4 Nb6 4. Bb3 a5 5. a3 Nc6 6. d4 d5 7. Nc3 Bf5 8.
Nge2 e6 9. Ng3 Bg6 10. O-O Be7 11. Na4 Nc4 12. Ba2 b5 13. Nc3 b4 14. axb4
axb4 15. Nce2 Qb8 16. b3 Nb6 17. Bb2 f6 18. f4 O-O 19. Bb1 Na5 20. c3 c5 21.
cxb4 cxb4 22. Bxg6 hxg6 23. Qd3 Rc8 24. Qxg6 f5 25. Nh5 Bf8 26. Qxe6+ Kh8
27. Qxf5 Re8 28. Rf3 Re6 29. Rh3 {Black forfeits on time} 1-0

[Event "ICCopen2017"]
[Site "Internet Chess Club"]
[Date "2017.03.26"]
[Round "9"]
[White "ROWLAND"]
[Black "chigato"]
[Result "1-0"]
[ICCResult "Black checkmated"]
[WhiteElo "1464"]
[BlackElo "1624"]
[Opening "Caro-Kann: Panov-Botvinnik attack"]
[ECO "B13"]
[NIC "CK.02"]
[Time "20:42:47"]
[TimeControl "180+0"]

1. e4 c6 2. d4 d5 3. exd5 cxd5 4. c4 Nc6 5. Nf3 Be6 6. c5 Qd7 7. Nc3 a6 8.
g3 f6 9. Bg2 Bf7 10. O-O e6 11. Re1 Be7 12. Bf4 g5 13. Be3 Nh6 14. h4 g4 15.
Nh2 Nf5 16. Nxg4 h5 17. Nh2 Nxe3 18. Rxe3 O-O-O 19. Nf3 Rde8 20. b4 Nxb4 21.
Rb1 Nc6 22. Qb3 Qc7 23. Bf1 Na5 24. Qb4 Rhg8 25. Kh2 Nc6 26. Qa4 e5 27. Rb6
e4 28. Bxa6 Nd8 29. c6 exf3 30. cxb7+ Nxb7 31. Rxb7 Qxb7 32. Bxb7+ Kxb7 33.
Qd7+ Kb6 34. Na4+ Ka5 35. Rb3 Rgf8 36. Qb5# {Black checkmated} 1-0

[Event "ICCopen2017"]
[Site "Internet Chess Club"]
[Date "2017.03.26"]
[Round "9"]
[White "MikeWzd"]
[Black "blunder23"]
[Result "1-0"]
[ICCResult "Black resigns"]
[WhiteElo "1733"]
[BlackElo "1473"]
[Opening "QGD Slav defense: exchange variation"]
[ECO "D10"]
[NIC "SL.01"]
[Time "20:41:15"]
[TimeControl "180+0"]

1. d4 d5 2. c4 c6 3. cxd5 cxd5 4. Bf4 Nc6 5. Nf3 e6 6. e3 Nf6 7. Bd3 Bb4+ 8.
Nc3 Qa5 9. O-O Bxc3 10. bxc3 Qxc3 11. Rc1 Qa3 12. Bb5 Bd7 13. Bxc6 bxc6 14.
Ne5 Rc8 15. Qb3 Qxb3 16. axb3 O-O 17. Ra1 Rc7 18. Rfc1 Rfc8 19. g4 Ne4 20.
Rc2 f6 21. Nd3 Rb7 22. Ra3 Kf7 23. f3 g5 24. fxe4 gxf4 25. exd5 exd5 26.
Nxf4 Bxg4 27. Kf2 Bf5 28. Rc5 Rcc7 29. Ke2 Be4 30. Kd2 Rb5 31. Kc3 Rxc5+ 32.
dxc5 Rb7 33. Ra6 Rc7 34. b4 f5 35. Kd4 Kf6 36. b5 Kf7 37. b6 axb6 38. cxb6
Rb7 39. Kc5 Bh1 40. Ra7 d4 41. exd4 Kf6 42. Rxb7 Kg5 43. Ne6+ Kg4 44. Rc7 f4
45. Nxf4 Kxf4 46. b7 Kf3 47. Re7 Kg2 48. b8=Q h5 49. Qf8 h4 50. Rg7+ Kh3 51.
Qf1+ Kxh2 52. Qg1+ {Black resigns} 1-0

[Event "ICCopen2017"]
[Site "Internet Chess Club"]
[Date "2017.03.26"]
[Round "9"]
[White "RobertoJBM"]
[Black "DropZone"]
[Result "1-0"]
[ICCResult "Black forfeits on time"]
[WhiteElo "2704"]
[BlackElo "2104"]
[Opening "Old Benoni defense"]
[ECO "A43"]
[NIC "OI.09"]
[Time "20:42:02"]
[TimeControl "180+0"]

1. d4 c5 2. c3 cxd4 3. cxd4 d5 4. Nc3 Nf6 5. Bf4 Nc6 6. e3 Bf5 7. Nf3 e6 8.
Bb5 Nd7 9. O-O Be7 10. Ne5 Ncxe5 11. Bxe5 O-O 12. Bg3 a6 13. Bd3 Bxd3 14.
Qxd3 Rc8 15. Rac1 Nf6 16. Bh4 Ne4 17. Bxe7 Qxe7 18. Nxe4 dxe4 19. Qxe4 Qb4
20. b3 g6 21. Qd3 h5 22. Rc2 Rxc2 23. Qxc2 b5 24. Rc1 Kg7 25. h4 Rd8 26. Qc3
Qxc3 27. Rxc3 Rd6 28. Rc5 Kf6 29. Kf1 Ke7 30. Ke2 Rb6 31. f3 Kd6 32. g4 Rb8
33. gxh5 gxh5 34. Rxh5 Rc8 35. Kd2 f5 36. Rh7 Rg8 37. Ra7 Rg2+ 38. Kd3 Rxa2
39. h5 a5 40. h6 a4 41. h7 Rh2 42. bxa4 bxa4 43. Ra6+ Ke7 44. Ra8 a3 45.
h8=Q a2 46. Qxh2 {Black forfeits on time} 1-0

[Event "ICCopen2017"]
[Site "Internet Chess Club"]
[Date "2017.03.26"]
[Round "9"]
[White "Monterrey"]
[Black "NomDeGuerre"]
[Result "0-1"]
[ICCResult "White resigns"]
[WhiteElo "1700"]
[BlackElo "2025"]
[Opening "King's Indian: orthodox variation"]
[ECO "E94"]
[NIC "KI.15"]
[Time "20:41:59"]
[TimeControl "180+0"]

1. d4 Nf6 2. c4 g6 3. Nc3 Bg7 4. e4 d6 5. Nf3 O-O 6. Be2 e5 7. O-O Na6 8.
Re1 c6 9. Bf1 Bg4 10. d5 c5 11. h3 Bd7 12. a3 Ne8 13. Rb1 b6 14. b4 h6 15.
Qc2 f5 16. exf5 gxf5 17. Nh2 Qh4 18. f4 e4 19. Be3 Bd4 20. Qd2 Qf6 21. Bxd4
cxd4 22. Nb5 Bxb5 23. cxb5 Nac7 24. a4 Kh8 25. Bc4 d3 26. Kh1 Rg8 27. g4 Qd4
28. Rbc1 Nxd5 29. Bxd5 Qxd5 30. Qg2 Nf6 31. g5 Nh5 32. Rf1 Rac8 33. h4 Rxc1
34. Rxc1 Nxf4 {White resigns} 0-1

[Event "ICCopen2017"]
[Site "Internet Chess Club"]
[Date "2017.03.26"]
[Round "9"]
[White "flashlight"]
[Black "dashingfox"]
[Result "1-0"]
[ICCResult "Black checkmated"]
[WhiteElo "2035"]
[BlackElo "1897"]
[Opening "Trompowsky attack (Ruth, Opocenský opening)"]
[ECO "A45"]
[NIC "QP.07"]
[Time "20:41:28"]
[TimeControl "180+0"]

1. d4 Nf6 2. Bg5 c5 3. d5 Qb6 4. Nc3 Qxb2 5. Bd2 Qb6 6. e4 e5 7. f4 d6 8.
Nf3 Nbd7 9. Bc4 Be7 10. O-O O-O 11. Rb1 Qd8 12. a4 b6 13. fxe5 Nxe5 14. Nxe5
dxe5 15. Be2 Ne8 16. Bg4 Nd6 17. Bxc8 Rxc8 18. Qg4 Rc7 19. Bh6 Bf6 20. Rf3
Kh8 21. Rbf1 Rg8 22. Bc1 Be7 23. Rh3 g6 24. Nb5 Nxb5 25. axb5 f5 26. exf5
gxf5 27. Qxf5 Bd6 28. c4 Qf8 29. Qe6 Qe7 30. Qf6+ Qg7 31. Bh6 Qxf6 32. Rxf6
Be7 33. Re6 Bg5 34. Rxe5 Bxh6 35. Rxh6 Rcg7 36. g3 Rf8 37. d6 Rd7 38. Re7
Rxe7 39. dxe7 Re8 40. Re6 Kg7 41. Kf2 Kf7 42. Re5 Rxe7 43. Rxe7+ Kxe7 44.
Ke3 Ke6 45. Ke4 h5 46. h3 Kf6 47. g4 h4 48. Kf4 Kg6 49. g5 Kg7 50. Kf5 Kf7
51. g6+ Kg7 52. Kg5 Kg8 53. Kh5 Kg7 54. Kg5 a5 55. bxa6 b5 56. a7 b4 57.
a8=Q b3 58. Qb7+ Kh8 59. Qh7# {Black checkmated} 1-0

[Event "ICCopen2017"]
[Site "Internet Chess Club"]
[Date "2017.03.26"]
[Round "9"]
[White "iragefree"]
[Black "VrloJakMK"]
[Result "0-1"]
[ICCResult "White resigns"]
[WhiteElo "1728"]
[BlackElo "2029"]
[Opening "Benkö gambit"]
[ECO "A57"]
[NIC "BI.46"]
[Time "20:42:44"]
[TimeControl "180+0"]

1. d4 Nf6 2. c4 c5 3. d5 b5 4. f3 d6 5. e4 bxc4 6. Bxc4 g6 7. Ne2 Bg7 8. O-O
O-O 9. a4 Ba6 10. Na3 Qc8 11. Nc3 Nbd7 12. Qe2 Bb7 13. f4 Ne8 14. Be3 a6 15.
Rac1 Qb8 16. b3 Bc8 17. Qd2 Nef6 18. f5 Ne5 19. Bh6 Qb4 20. Bxg7 Kxg7 21.
Nc2 Nxc4 22. bxc4 Qxc4 23. Ne3 Qd4 24. Rfd1 Qxd2 25. Rxd2 Rb8 26. Rb1 Rxb1+
27. Nxb1 Bd7 28. a5 Nxe4 29. Rb2 Bb5 30. Nc3 Nxc3 31. fxg6 hxg6 32. Nc2 Nxd5
33. Na3 Nb4 34. Nxb5 axb5 35. a6 Ra8 36. Re2 Kf8 37. Re3 Rxa6 38. Rh3 Kg7
{White resigns}
0-1

[Event "ICCopen2017"]
[Site "Internet Chess Club"]
[Date "2017.03.26"]
[Round "9"]
[White "Cramagica"]
[Black "weakfish"]
[Result "0-1"]
[ICCResult "White forfeits on time"]
[WhiteElo "1056"]
[BlackElo "1258"]
[Opening "Caro-Kann: Tartakower (fantasy) variation"]
[ECO "B12"]
[NIC "CK.02"]
[Time "20:41:18"]
[TimeControl "180+0"]

1. e4 c6 2. d4 d5 3. f3 dxe4 4. fxe4 Nf6 5. e5 Nd5 6. Nf3 Bg4 7. c4 Nb6 8.
Be2 e6 9. O-O Bxf3 10. Bxf3 Nxc4 11. Nc3 Nd7 12. b3 Ncb6 13. a4 Bb4 14. Ne4
O-O 15. Ba3 Bxa3 16. Rxa3 Qe7 17. Nd6 Rab8 18. Qc2 Nc8 19. Qc5 Nxd6 20. Qxd6
Qxd6 21. exd6 Rbd8 22. b4 Nf6 23. b5 cxb5 24. axb5 Rxd6 25. Rxa7 Rxd4 26.
Rxb7 Rb4 27. Bc6 Nd5 28. h3 Nf4 29. Ra1 Ne2+ 30. Kh2 Nd4 31. Raa7 Rb2
{White forfeits on time}
0-1

[Event "ICCopen2017"]
[Site "Internet Chess Club"]
[Date "2017.03.26"]
[Round "9"]
[White "uptonjr"]
[Black "Koval"]
[Result "0-1"]
[ICCResult "White resigns"]
[WhiteElo "1763"]
[BlackElo "1966"]
[Opening "Benkö gambit half accepted"]
[ECO "A57"]
[NIC "BI.45"]
[Time "20:42:01"]
[TimeControl "180+0"]

1. d4 Nf6 2. c4 c5 3. d5 b5 4. cxb5 a6 5. b6 Qxb6 6. Nc3 e6 7. e4 d6 8. Nf3
Be7 9. Be2 O-O 10. O-O Nbd7 11. Qc2 Rb8 12. Rb1 exd5 13. exd5 Re8 14. h3 Nf8
15. Be3 Qb7 16. Rfd1 Bd7 17. b3 Ng6 18. Bd3 Nh5 19. Bf5 Nhf4 20. Bxd7 Qxd7
21. Bxf4 Nxf4 22. Qe4 Rb4 23. Qc2 Nxh3+ 24. gxh3 Qxh3 25. Nh2 Bf6 26. Re1
Rf8 27. Ne4 Be5 28. Ng3 Rh4 29. Ngf1 Bxh2+ 30. Nxh2 Qxh2+ 31. Kf1 Rd4 32.
Rbd1 Qh1+ 33. Ke2 Re8+ {White resigns} 0-1